 Dungeon Crawl Stone Soup version bcrawl-1.13.1 (webtiles) character file.

Game seed: 4222171647026759241

60 Revguard the Sneak (level 3, 0/26 HPs)
             Began as a Demonspawn Archaeologist on Aug 3, 2019.
             Slain by an orc
             ... wielding a +0 mace
              (4 damage)
             ... on level 2 of the Dungeon.
             The game lasted 00:02:15 (1117 turns).

Revguard the Sneak (Demonspawn Archaeologist)       Turns: 1117, Time: 00:02:16

Health: 0/26       AC:  9    Str: 12    XL:     3   Next: 82%
Magic:  3/3        EV:  9    Int: 15    God:
Gold:   82         SH:  0    Dex: 11    Spells: 2/2 levels left

rFire    . . .     SeeInvis .   k - +1 mace (protect)
rCold    . . .     Gourm    .   (no shield)
rNeg     . . .     Faith    .   a - +0 scale mail
rPois    .         Spirit   .   c - +1 hat
rElec    .         Reflect  .   (no cloak)
rCorr    .         Harm     .   (no gloves)
MR       .....                  d - +1 pair of boots
Stlth    +.........             (no amulet)
HPRegen  0.08/turn              (no ring)
MPRegen  0.08/turn              (no ring)

@: studying Stealth
A: hooves 2
a: no special abilities


You were on level 2 of the Dungeon.
You were not hungry.

You visited 1 branch of the dungeon, and saw 2 of its levels.

You collected 82 gold pieces.

Inventory:

Hand Weapons
 k - a +1 mace of protection (weapon)
Armour
 a - a +0 scale mail (worn)
 c - a +1 hat (worn)
 d - a +1 pair of boots (worn)
Scrolls
 h - a scroll of remove curse {unknown}
 i - a scroll of amnesia {unknown}
 j - a scroll of fog {unknown}
Potions
 b - a potion of haste {unknown}
Books
 e - a manual of Stealth
Miscellaneous
 f - an ancient crate
Comestibles
 g - 2 rations {!d}
 l - 3 chunks of flesh


   Skills:
 + Level 1.1 Fighting
 + Level 1.2 Maces & Flails
 * Level 1.3 Armour
 + Level 3.1 Dodging
 + Level 3.5 Stealth
 * Level 1.2 Evocations


You had 2 spell levels left.
You didn't know any spells.
Your spell library was empty.

Dungeon Overview and Level Annotations

Branches:
Dungeon (2/12)

Altars:


Innate Abilities, Weirdness & Mutations

You have hoof-like feet.


Message History

Something hits you but does no damage. The orc hits you but does no damage.
You hit the orc but do no damage.
The orc is severely wounded.
Something hits you but does no damage. The orc hits you with a +0 mace.
You closely miss the orc.
The orc is severely wounded.
Something hits you but does no damage. The orc barely misses you.
Something hits you.
You miss something. The orc barely misses you.
Something hits you but does no damage.
You hit something. Something hits you but does no damage.
The orc hits you with a +0 mace.
* * * LOW HITPOINT WARNING * * *
You closely miss something. Something hits you but does no damage.
The orc barely misses you. Something hits you but does no damage.
You miss something. The orc hits you but does no damage.
Something hits you but does no damage. The orc closely misses you.
You barely miss something. Something hits you but does no damage.
The orc hits you with a +0 mace.
You die...

#. #.. #... +... #...
#...### #.....#######
..#....)o)..#.#
.......l{@..#.#
...####)#####.# ..
#.)####.# . ##......#
#......###### #####
#...........# .....
#.####......# ..... #..#
#.รท....#
.....###########.###.######


You could see an orc and a leopard gecko.

Vanquished Creatures
  A worm (D:1)
  4 leopard geckos
  2 orcs (D:2)
  2 giant cockroaches (D:1)
  9 goblins
  10 hobgoblins
  6 jackals
  4 bats
  A frilled lizard (D:1)
  3 kobolds
  A rat (D:1)
43 creatures vanquished.

Notes
Turn   | Place    | Note
-------+----------+-------------------------------------------
     0 | D:1      | Revguard the Demonspawn Archaeologist began the quest for
                  | the Orb.
     0 | D:1      | Reached XP level 1. HP: 15/15 MP: 1/1
   377 | D:1      | Gained mutation: You have large cloven feet. [demonic
                  | ancestry]
   377 | D:1      | Reached XP level 2. HP: 21/21 MP: 2/2
   457 | D:1      | Reached skill level 1 in Armour
   513 | D:1      | Reached skill level 1 in Evocations
   909 | D:2      | Gained mutation: You have hoof-like feet. [demonic
                  | ancestry]
   909 | D:2      | Reached XP level 3. HP: 26/26 MP: 3/3
  1004 | D:2      | Reached skill level 1 in Maces & Flails
  1117 | D:2      | Slain by an orc

Skill      XL: |  1  2  3 |
---------------+----------+-----
Armour         | 1 |  1.3
Evocations     | 1 |  1.2
Dodging        | 3 |  3.1
Maces & Flails | 1 |  1.2
Fighting       | |  1.1
Stealth        | |  3.5

Action                   || total
-------------------------++-------
Melee: Whip              ||    22
       Mace              ||   150
  Use: Potion            ||     3
       Scroll            ||     2
 Stab: Sleeping          ||     2
  Eat: Chunk             ||     1
Armor: Robe              ||     4
       Scale mail        ||   167
Dodge: Dodged            ||   150
